 Dungeon Crawl Stone Soup version 0.27-a0-1532-gca18f49f40 (webtiles) character file.

Game seed: 468254269979827545

1420 bande the Cleaver (level 8, -11/72 HPs)
             Began as a Gargoyle Fighter on July 13, 2021.
             Was an Initiate of Okawaru.
             Mangled by Prince Ribbit (12 damage)
             ... on level 5 of the Dungeon.
             The game lasted 00:09:59 (5886 turns).

bande the Cleaver (Gargoyle Fighter)                Turns: 5886, Time: 00:10:02

Health: -11/72     AC: 24    Str: 21 (22) XL:     8   Next: 71%
Magic:  8/8        EV:  2    Int:  7 (8)  God:    Okawaru [......]
Gold:   228        SH:  9    Dex:  9 (10) Spells: 7/7 levels left

rFire    + . .     SeeInvis .   a - +1 war axe
rCold    . . .     Faith    +   c - +0 kite shield
rNeg     + + +     Spirit   .   (armour currently unavailable)
rPois    ∞         Reflect  .   (helmet currently unavailable)
rElec    .         Harm     .   (cloak currently unavailable)
rCorr    .         Rampage  .   (gloves currently unavailable)
Will     .....     NoTele   +   (boots currently unavailable)
Stlth    +.........             i - amulet of the Princess {Faith rF+ Slay+2}
HPRegen  0.22/turn              (no ring)
MPRegen  0.11/turn              (no ring)

@: brilliant, tree-form, studying Armour
A: stationary, stasis, torment immunity, boosted hp, sickness immunity, AC +5,
negative energy resistance 1, (electricity resistance), torment resistance 1,
petrification resistance
a: Renounce Religion


You were on level 5 of the Dungeon.
You worshipped Okawaru.
Okawaru was noncommittal.
You were a tree.
You visited 2 branches of the dungeon, and saw 6 of its levels.

You collected 228 gold pieces.

Inventory:

Hand Weapons
 a - a +1 war axe (weapon)
 q - a +0 flail
Missiles
 f - a throwing net (quivered)
Armour
 c - a +0 kite shield (worn)
 e - a +0 helmet (melded)
 g - a +0 cloak (melded)
 o - a +0 chain mail (melded)
Jewellery
 i - the amulet of the Princess (around neck) {Faith rF+ Slay+2}
   (You acquired it on level 3 of the Dungeon)

   [amulet of faith]

   It allows you to gain divine favour quickly.
   Slay:      It affects your accuracy & damage with ranged weapons and melee
   (+2).
   rF:        It protects you from fire.
Scrolls
 j - a scroll of holy word {unknown}
 m - a scroll of magic mapping
 p - a scroll of noise {unknown}
Potions
 b - a potion of mutation {unknown}
 d - 2 potions of might
 h - a potion of flight
 k - a potion of magic
 l - a potion of lignification


   Skills:
 + Level 4.6 Fighting
 + Level 11.8 Axes
 + Level 6.5 Armour
 + Level 1.1 Dodging
 - Level 0.3 Stealth
 + Level 4.8 Shields


You had 7 spell levels left.
You didn't know any spells.
Your spell library contained the following spells:

 Spells                   Type           Power      Damage    Failure   Level
 Conjure Flame            Conj/Fire      0%         6-21      99%         3
 Ignite Poison            Fire/Tmut/Pois 0%         N/A       99%         3
 Mephitic Cloud           Conj/Pois/Air  0%         N/A       99%         3
 Sticky Flame             Conj/Fire      0%         2d3       100%        4
 Bolt of Magma            Conj/Fire/Erth 0%         4d4       100%        5


Dungeon Overview and Level Annotations

Branches:
Dungeon (5/15)             Temple (1/1) D:5

Altars:
Cheibriados
Okawaru
Uskayaw
Vehumet
Yredelemnul

Annotations:
D:5 Prince Ribbit


Innate Abilities, Weirdness & Mutations

You are a tree.
Your roots penetrate the ground, keeping you stationary.
You cannot be teleported.
You are immune to unholy pain and torment.
Your maximum health is greatly increased.
Your equipment is partially melded.
You are immune to sickness and miasma.
((Your stone body is resilient. (AC +5)))
You are immune to poison.
You resist negative energy. (rN+)
((You are resistant to electric shocks. (rElec)))
You are resistant to unholy torment.
You are immune to petrification.


Message History

You hit the bullfrog zombie.
The bullfrog zombie is moderately damaged.
The bullfrog zombie closely misses you.
The bullfrog zombie hits you but does no damage.
Your shield prevents you from hitting the bullfrog zombie.
The bullfrog zombie is moderately damaged.
The bullfrog zombie barely misses you.
You slash the bullfrog zombie!
The bullfrog zombie is severely damaged.
You block the bullfrog zombie's attack.
Prince Ribbit blinks!
The bullfrog zombie hits you but does no damage.
You slash the bullfrog zombie!
The bullfrog zombie is almost destroyed.
The bullfrog zombie hits you. Prince Ribbit hits you!
* * * LOW HITPOINT WARNING * * *
You closely miss the bullfrog zombie.
The bullfrog zombie is almost destroyed.
Your shield and chain mail prevent you from hitting Prince Ribbit.
Prince Ribbit hits you but does no damage.
The bullfrog zombie barely misses you.
You closely miss the bullfrog zombie.
The bullfrog zombie is almost destroyed.
You barely miss Prince Ribbit. You block Prince Ribbit's attack.
The bullfrog zombie hits you but does no damage.
Prince Ribbit barely misses you.
The bullfrog zombie hits you but does no damage.
Unknown command.
It was a potion of lignification.
You turn into a tree.
Your +0 cloak melds into your body.
Your +0 helmet melds into your body.
Your +0 chain mail melds into your body.
Your roots penetrate the ground.
Prince Ribbit hits you!
* * * LOW HITPOINT WARNING * * *
The bullfrog zombie hits you but does no damage.
It was a potion of brilliance.
You feel clever all of a sudden. Prince Ribbit hits you.
* * * LOW HITPOINT WARNING * * *
The bullfrog zombie hits you but does no damage.
Prince Ribbit hits you!
You die...

#. #....##......#
#.####...###......# #..
###>..............<.##..#.
........#############..#..
......8>8## ..#.#
..........## ###.#...
########...#######.'..#.#
###......##.'...#
#####.F♣Z.'..#
#####.#.#...# #.# .# . ###
.# .# .# .


You could see Prince Ribbit and a bullfrog zombie.

Vanquished Creatures
  Pikel (D:5)
  Eustachio (D:3)
  A black bear (D:4)
  An ice beast (D:4)
  A water moccasin skeleton (D:5)
  A howler monkey (D:5)
  A centaur zombie (D:5)
  An orc priest (D:5)
  A bullfrog skeleton (D:5)
  2 centaur skeletons (D:5)
  An orc wizard (D:5)
  A killer bee zombie (D:4)
  A hound zombie (D:5)
  A hound skeleton (D:4)
  A mummy (D:5)
  Robin (D:2)
  A gnoll (D:1)
  4 adders
  A white imp (D:4)
  An ufetubus (D:5)
  2 adder zombies (D:2)
  2 adder skeletons
  2 worms
  2 dart slugs
  2 orcs (D:5)
  A bat skeleton (D:2)
  7 endoplasms
  17 hobgoblins
  14 jackals
  3 kobolds
  A quokka (D:1)
  9 ball pythons
  6 bats
  A frilled lizard (D:1)
  15 goblins
  A jackal zombie (D:2)
  A quokka skeleton (D:4)
  4 rats
114 creatures vanquished.

Vanquished Creatures (others)
  2 withered plants (D:2)
2 creatures vanquished.

Grand Total: 116 creatures vanquished

Notes
Turn   | Place    | Note
-------+----------+-------------------------------------------
     0 | D:1      | bande the Gargoyle Fighter began the quest for the Orb.
     0 | D:1      | Reached XP level 1. HP: 14/14 MP: 1/1
    35 | D:1      | Reached XP level 2. HP: 19/19 MP: 2/2
   176 | D:1      | Reached skill level 2 in Axes
   510 | D:1      | Reached XP level 3. HP: 23/23 MP: 3/3
  1289 | D:2      | Reached XP level 4. HP: 22/29 MP: 4/4
  1384 | D:2      | Noticed Robin
  1700 | D:2      | Reached skill level 3 in Axes
  1702 | D:2      | Killed Robin
  2012 | D:2      | Reached XP level 5. HP: 31/33 MP: 5/5
  2283 | D:3      | Found a basalt altar of Yredelemnul.
  2286 | D:3      | Identified a scroll of acquirement
  2286 | D:3      | Acquired a manual of Armour
  2308 | D:3      | Reached skill level 11 in Axes
  2308 | D:3      | Reached XP level 6. HP: 38/38 MP: 6/6
  2316 | D:3      | Found a faded altar of an unknown god.
  2357 | D:3      | Acquired the amulet of the Princess {Faith rF+ Slay+2}
  3133 | D:4      | Noticed Eustachio
  3310 | D:3      | Killed Eustachio
  4007 | D:4      | Reached XP level 7. HP: 30/42 MP: 7/7
  4136 | D:4      | Reached skill level 5 in Armour
  5008 | D:5      | Entered Level 5 of the Dungeon
  5155 | D:5      | Found a snail-covered altar of Cheibriados.
  5226 | D:5      | Found a hide-covered altar of Uskayaw.
  5292 | D:5      | Reached XP level 8. HP: 41/48 MP: 8/8
  5737 | D:5      | Found a staircase to the Ecumenical Temple.
  5745 | Temple   | Entered the Ecumenical Temple
  5821 | Temple   | Became a worshipper of Warmaster Okawaru
  5859 | D:5      | Noticed Prince Ribbit
  5860 | D:5      | Noticed Pikel
  5877 | D:5      | Killed Pikel
  5878 | D:5      | Reached skill level 1 in Dodging
  5886 | D:5      | HP: 1/72 [Prince Ribbit (4)]
  5886 | D:5      | Mangled by Prince Ribbit

Illustrated notes

Levels and vault maps discovered:
D:1:      lightli_arrival_windingriver, layout_basic
D:2:      layout_rooms, serial_undead, serial_undead_b, serial_undead_a,
          serial_undead_a, serial_undead_e, uniq_robin
D:3:      layout_basic, mainiacjoe_overflow_cross_hatched,
          shapermc_ecumenical_altar_notcrosses, lemuel_flame_loot_1
D:4:      layout_basic, hex_medium, hangedman_glass_teeth,
          kennysheep_nondescript, amcnicky_mini_corridor_feature, uniq_eustachio
D:5:      layout_rooms, slow_altar_1, eat_drink_and_be_merry_uskayaw,
          gammafunk_temple_overflow_elements, temple_statues,
          kennysheep_doodads, minmay_statues_item, kennysheep_cluttered_room,
          uniq_prince_ribbit1, uniq_sigmund, uniq_pikel
Temple:   regret_index_temple_generic_petals

Skill      XL: |  1  2  3  4  5  6  7  8 |
---------------+-------------------------+-----
Axes           | 2 3 11 | 11.8
Armour         | 4 5 6 |  6.5
Shields        | 4 |  4.8
Fighting       | 4 |  4.6
Dodging        | 1 |  1.1
Stealth        | |  0.3

Action                   |  1- 3 |  4- 6 |  7- 9 || total
-------------------------+-------+-------+-------++-------
Melee: War axe           |   117 |   117 |   133 ||   367
  Use: Scroll            |       |     8 |     1 ||     9
       Potion            |       |     4 |     3 ||     7
Armor: Scale mail        |    73 |   107 |    64 ||   244
       Chain mail        |       |       |    35 ||    35
       Skin              |       |       |     2 ||     2
Dodge: Dodged            |    52 |    49 |    29 ||   130
Block: Kite shield       |    78 |    88 |    71 ||   237

Table legend: (Time is in decaauts)
 A = Elapsed time spent in this place.
 B = Non-inter-level travel time spent in this place.
 C = Inter-level travel time spent in this place.
 D = Time resting spent in this place.
 E = Time spent auto-exploring this place.
 F = Levels seen in this place.
 G = Mean time per level.
                   A        B        C        D        E       F      G
               +--------+--------+--------+--------+--------+-----+--------+
         Total |   6041 |   5980 |     61 |   1666 |   3183 |   6 | 1006.8 |
       Dungeon |   5942 |   5881 |     61 |   1666 |   3136 |   5 | 1188.4 |
        Temple |     98 |     98 |      0 |      0 |     47 |   1 |   98.0 |
               +--------+--------+--------+--------+--------+-----+--------+

Top non-repeatable levels by time:
     D:1: 1660 daAuts
     D:3: 1562 daAuts
     D:4: 1225 daAuts
     D:5: 798 daAuts
     D:2: 695 daAuts
  Temple: 98 daAuts
